 Dungeon Crawl Stone Soup version 0.22.1-2-g9c5b331383 (webtiles) character file.

36735 PlayingRandomsOnly the Thaumaturge (level 13, -3/99 HPs)
             Began as a Gnoll Wizard on Nov 15, 2018.
             Was the Champion of Dithmenos.
             Slain by a rime drake (6 damage)
             ... on level 6 of the Lair of Beasts on Nov 16, 2018.
             The game lasted 02:24:03 (21674 turns).

PlayingRandomsOnly the Thaumaturge (Gnoll Wizard)  Turns: 21674, Time: 02:24:03

Health: -3/99      AC: 17    Str: 13    XL:     13   Next: 92%
Magic:  16/37      EV: 15    Int: 28    God:    Dithmenos [******]
Gold:   919        SH:  0    Dex: 11    Spells: 9/34 levels left

rFire    . . .     SeeInvis .   J - +5 hand axe "Virepyd" {chop, *Contam rElec Int+5 Dex-2}
rCold    . . .     Gourm    .   (no shield)
rNeg     . . .     Faith    .   R - +3 ring mail
rPois    .         Spirit   .   v - +2 helmet
rElec    +         Reflect  .   j - +0 cloak
rCorr    .         Harm     .   f - +0 pair of gloves
MR       .....                  B - +0 pair of boots
Stlth    ++++++....             (no amulet)
HPRegen  0.26/turn              V - ring of wizardry
MPRegen  0.25/turn              e - ring of magical power

@: frozen, wreathed by umbra, very slow
A: distributed training, fangs 1, strong nose
a: Shadow Step, Shadow Form, Renounce Religion


You were on level 6 of the Lair of Beasts.
You worshipped Dithmenos.
Dithmenos was exalted by your worship.
You were not hungry.

You visited 2 branches of the dungeon, and saw 17 of its levels.
You also visited: Sewer and Ossuary.

You collected 1156 gold pieces.
You spent 237 gold pieces at shops.

Inventory:

Hand Weapons
 J - the +5 hand axe "Virepyd" (weapon) {chop, *Contam rElec Int+5 Dex-2}
   (You found it on level 5 of the Dungeon)

   It inflicts extra damage upon your enemies.
   It affects your intelligence (+5).
   It affects your dexterity (-2).
   It insulates you from electricity.
   It causes magical contamination when unequipped.
 T - a +0 eveningstar
Missiles
 b - 14 tomahawks (quivered)
 s - 3 stones
Armour
 f - a +0 pair of gloves (worn)
 j - a +0 cloak (worn)
 m - a +0 scale mail
 v - a +2 helmet (worn)
 B - a +0 pair of boots (worn)
 R - a +3 ring mail (worn)
Jewellery
 e - a ring of magical power (right hand)
 q - a +5 ring of evasion
 A - a +5 ring of protection
 C - an uncursed ring of positive energy
 K - an uncursed ring of protection from cold
 M - an uncursed ring of protection from magic
 Q - an uncursed ring of resist corrosion
 V - a ring of wizardry (left hand)
 Y - an uncursed ring of protection from fire
Wands
 r - a wand of flame (28)
 D - a wand of scattershot (1)
 G - a wand of polymorph (11)
 H - a wand of clouds (11)
 S - a wand of iceblast (10)
 W - a wand of paralysis (14)
Scrolls
 h - 3 scrolls of blinking
 i - 15 scrolls of remove curse
 l - 4 scrolls of fog
 n - 6 scrolls of teleportation
 o - a scroll of fear {unknown}
 p - 5 scrolls of immolation
 x - 5 scrolls of magic mapping
 y - a scroll of identify
 z - a scroll of enchant weapon {unknown}
 I - 2 scrolls of amnesia {unknown}
 L - 3 scrolls of torment
 U - a scroll of vulnerability {unknown}
Potions
 a - 2 potions of berserk rage
 c - a potion of lignification
 g - a potion of ambrosia
 k - 10 potions of curing
 t - 5 potions of agility
 u - 6 potions of haste
 w - 2 potions of brilliance
 F - 3 potions of mutation
 N - 3 potions of heal wounds
 O - 3 potions of flight
 P - a potion of resistance
Comestibles
 d - 25 rations
 E - 4 chunks of flesh


   Skills:
 + Level 8.5 Fighting
 + Level 8.5 Short Blades
 + Level 8.5 Long Blades
 + Level 8.5 Axes
 + Level 8.5 Maces & Flails
 + Level 8.5 Polearms
 + Level 8.5 Staves
 + Level 8.5 Slings
 + Level 8.5 Bows
 + Level 8.5 Crossbows
 + Level 8.5 Throwing
 + Level 8.5 Armour
 + Level 9.7 Dodging
 + Level 9.5 Stealth
 + Level 8.5 Shields
 + Level 8.5 Unarmed Combat
 + Level 11.0 Spellcasting
 + Level 7.5 Conjurations
 + Level 7.1 Hexes
 + Level 7.1 Charms
 + Level 7.5 Summonings
 + Level 7.1 Necromancy
 + Level 7.5 Translocations
 + Level 7.1 Transmutations
 + Level 7.1 Fire Magic
 + Level 7.1 Ice Magic
 + Level 7.1 Air Magic
 + Level 7.1 Earth Magic
 + Level 7.1 Poison Magic
 + Level 9.3 Invocations
 + Level 8.5 Evocations


You had 9 spell levels left.
You knew the following spells:

 Your Spells              Type           Power        Failure   Level  Hunger
a - Magic Dart            Conj           ####         1%          1    None
b - Blink                 Tloc           N/A          1%          2    None
c - Call Imp              Summ           ######..     1%          2    None
d - Conjure Flame         Conj/Fire      ######..     1%          3    None
e - Mephitic Cloud        Conj/Pois/Air  ######..     1%          3    None
f - Olgreb's Toxic Radia  Pois           ######..     1%          4    None
g - Lee's Rapid Deconstr  Erth           ######....   4%          5    ###....
h - Fireball              Conj/Fire      ######....   3%          5    ###....

Your spell library contained the following spells:

 Spells                   Type           Power        Failure   Level  Hunger
 Sandblast                Erth           ######       1%          1    None
 Sting                    Conj/Pois      ####         1%          1    None
 Passwall                 Tmut/Erth      ######..     1%          2    None
 Poisonous Vapours        Pois/Air       ######       1%          2    None
 Slow                     Hex            ######..     1%          2    None
 Ignite Poison            Fire/Tmut/Pois ######..     1%          3    None
 Stone Arrow              Conj/Erth      ######       1%          3    None
 Petrify                  Tmut/Erth      ######..     1%          4    None
 Venom Bolt               Conj/Pois      ######....   3%          5    ###....
 Bolt of Fire             Conj/Fire      ######....   21%         6    #####..
 Ring of Flames           Chrm/Fire      ######....   71%         7    ######.
 Ignition                 Fire           ######....   100%        8    #######


Dungeon Overview and Level Annotations

Branches:
Dungeon (11/15)            Temple (0/1) D:6            Lair (6/6) D:10
 Shoals (0/4) Lair:4        Snake (0/4) Lair:3        Slime (0/5) Lair:5
    Orc: D:9-12

Altars:
Ashenzari
Dithmenos
Elyvilon
Okawaru
Ru
Sif Muna
Vehumet
Xom

Shops:
D:6 [


Innate Abilities, Weirdness & Mutations

Your experience applies equally to all skills.
You have very sharp teeth.
Your uncanny sense of smell can sniff out nearby items.


Message History

Press: ? - help, Shift-Dir - straight line, f/p - rime drake
Aim: a rime drake (black smoke, heavily wounded, umbra)
The magic dart hits the rime drake.
The rime drake is severely wounded.
Your shadow mimicks your spell!
The shadow shard misses the rime drake.
The rime drake bites you but does no damage.
Casting: Magic Dart (safe; 1% risk of failure)
Confirm with . or Enter, or press ? or * to list all spells.
Aiming: Magic Dart (safe; 1% risk of failure)
Press: ? - help, Shift-Dir - straight line, f/p - rime drake
Aim: a rime drake (black smoke, severely wounded, umbra)
The magic dart hits the rime drake.
The rime drake is almost dead.
The rime drake breathes ice at you. The flash freeze hits you!
* * * LOW HITPOINT WARNING * * *
You are encased in ice.
The rime drake bites you.
You die...

##...........
###............
#P.............
..............
#....).......
#....§......
#§§§k§.....
#§§@§.§..#
########§.#§P.##
#.##P.#.### ###
##........##
#.#.......P..#
##...........##
##.........#.###
..
##.........#...
...
#..........#..
...


You could see a rime drake.

Vanquished Creatures
  Kirke (Lair:4)
  Snorg (Lair:4)
  Erolcha (D:9)
  3 hydras
  The ghost of Jynx the Geomancer, a journeyman GrEE of Ashenzari (Lair:2)
  3 death yaks (Lair:4)
  A queen ant (Lair:2)
  A two-headed ogre (D:10)
  Pikel (D:7)
  A cyclops (D:11)
  7 elephants
  3 black mambas (Lair:6)
  9 spiny frogs
  2 rime drakes
  7 komodo dragons
  A troll (D:7)
  2 polar bears
  2 hornets (D:9)
  15 blink frogs
  2 slime creatures (Lair:5)
  6 hippogriffs
  7 dream sheep
  A snapping turtle (Lair:4)
  3 spriggans (Lair:1)
  A wyvern (Lair:6)
  19 yaks
  A wraith (D:11)
  6 hogs
  21 soldier ants
  2 nagas (Lair:3)
  A hell hound (Lair:6)
  6 water moccasins
  7 porcupines
  A slave (D:7)
  2 sky beasts
  2 orc warriors (D:6)
  2 phantoms
  5 black bears
  5 necrophages
  11 wolves
  2 ice beasts
  5 ogres
  17 crocodiles
  2 centaurs
  A big kobold (D:10)
  11 bullfrogs
  2 scorpions
  3 killer bees (D:8)
  3 wights (D:6)
  A centaur zombie (D:6)
  A howler monkey (D:9)
  A bullfrog zombie (D:10)
  A quasit (D:11)
  4 orc priests
  A hound (D:8)
  Crazy Yiuf (D:6)
  7 jellies
  A bullfrog skeleton (D:6)
  3 centaur skeletons
  3 iguanas
  7 orc wizards
  23 worker ants
  A big kobold zombie (Ossuary)
  A hound zombie (D:8)
  A hound skeleton (D:10)
  7 mummies
  A worker ant zombie (D:9)
  Robin (D:4)
  A gnoll (D:1)
  9 adders
  A howler monkey skeleton (D:4)
  6 oozes (D:4)
  2 adder skeletons (D:5)
  5 worms
  A dart slug (D:2)
  5 leopard geckos
  16 orcs
  2 ball pythons
  10 bats
  A giant cockroach (D:6)
  16 goblins
  20 hobgoblins
  2 jackals (D:7)
  5 quokkas
  2 frilled lizards
  2 gnoll zombies (Ossuary)
  3 hobgoblin zombies
  A jackal skeleton (D:7)
  16 kobolds
  3 kobold zombies
  A leopard gecko skeleton (D:8)
  2 orc zombies (Ossuary)
  A quokka skeleton (D:5)
  9 rats
  3 fungi
430 creatures vanquished.

Vanquished Creatures (collateral kills)
  A crocodile (Sewer)
  A bullfrog (D:6)
  A killer bee (D:8)
  2 orc priests
  An orc wizard (D:8)
  2 mummies (Ossuary)
  An ooze (D:4)
  3 orcs
  3 goblins
  A hobgoblin (D:3)
  5 jackals
  A kobold (Sewer)
  A kobold zombie (Ossuary)
23 creatures vanquished.

Vanquished Creatures (others)
  8 fungi
  9 plants
  9 toadstools (D:4)
26 creatures vanquished.

Grand Total: 479 creatures vanquished

Notes
Turn   | Place    | Note
-------+----------+-------------------------------------------
     0 | D:1      | PlayingRandomsOnly the Gnoll Wizard began the quest for the
                  | Orb.
     0 | D:1      | Reached XP level 1. HP: 13/13 MP: 8/8
   238 | D:1      | Reached XP level 2. HP: 19/19 MP: 7/10
   321 | D:1      | Learned a level 2 spell: Blink
   324 | D:1      | Learned a level 2 spell: Call Imp
   624 | D:1      | Reached XP level 3. HP: 25/25 MP: 11/11
  1007 | D:1      | Learned a level 3 spell: Conjure Flame
  1538 | D:2      | Reached skill level 1 in Invocations
  1561 | D:2      | Found a shadowy altar of Dithmenos.
  1568 | D:2      | Became a worshipper of Dithmenos the Shadowed
  1596 | D:2      | Learned a level 3 spell: Mephitic Cloud
  1961 | D:2      | Reached skill level 1 in Fighting
  1961 | D:2      | Reached skill level 1 in Short Blades
  1961 | D:2      | Reached skill level 1 in Long Blades
  1961 | D:2      | Reached skill level 1 in Axes
  1961 | D:2      | Reached skill level 1 in Maces & Flails
  1961 | D:2      | Reached skill level 1 in Polearms
  1961 | D:2      | Reached skill level 1 in Staves
  1961 | D:2      | Reached skill level 1 in Slings
  1961 | D:2      | Reached skill level 1 in Bows
  1961 | D:2      | Reached skill level 1 in Crossbows
  1961 | D:2      | Reached skill level 1 in Throwing
  1961 | D:2      | Reached skill level 1 in Armour
  1961 | D:2      | Reached skill level 1 in Shields
  1961 | D:2      | Reached skill level 1 in Unarmed Combat
  1961 | D:2      | Reached skill level 1 in Evocations
  2190 | D:2      | Reached XP level 4. HP: 24/32 MP: 3/13
  2756 | D:3      | Reached * piety under Dithmenos
  2756 | D:3      | Reached skill level 1 in Hexes
  2756 | D:3      | Reached skill level 1 in Charms
  2756 | D:3      | Reached skill level 1 in Necromancy
  2756 | D:3      | Reached skill level 1 in Transmutations
  2756 | D:3      | Reached skill level 1 in Fire Magic
  2756 | D:3      | Reached skill level 1 in Ice Magic
  2756 | D:3      | Reached skill level 1 in Air Magic
  2756 | D:3      | Reached skill level 1 in Earth Magic
  2756 | D:3      | Reached skill level 1 in Poison Magic
  3109 | D:3      | Found a faded altar of an unknown god.
  3787 | D:4      | Reached XP level 5. HP: 37/37 MP: 14/14
  4019 | D:4      | Noticed Robin
  4051 | D:4      | Killed Robin
  4213 | D:4      | Noticed an ogre
  4477 | D:4      | Killed an ogre
  4477 | D:4      | Reached XP level 6. HP: 44/44 MP: 8/16
  5078 | D:4      | Reached ** piety under Dithmenos
  5124 | D:4      | Reached skill level 5 in Dodging
  5603 | D:5      | Entered Level 5 of the Dungeon
  5682 | D:5      | Found a shimmering altar of Xom.
  5685 | D:5      | Found a deep blue altar of Sif Muna.
  5688 | D:5      | Found an iron altar of Okawaru.
  5693 | D:5      | Found a shattered altar of Ashenzari.
  5783 | D:5      | Found a glowing drain.
  5834 | Sewer    | Entered a sewer
  6101 | D:5      | Noticed a sky beast
  6454 | D:5      | Got a translucent hand axe
  6456 | D:5      | Identified the +5 hand axe "Virepyd" {chop, *Contam rElec
                  | Int+5 Dex-2} (You found it on level 5 of the Dungeon)
  6553 | D:5      | Reached XP level 7. HP: 50/50 MP: 12/18
  7336 | D:6      | Reached skill level 5 in Stealth
  7770 | D:6      | Reached XP level 8. HP: 57/57 MP: 11/19
  7860 | D:6      | Found Obla's Antique Armour Emporium.
  8030 | D:6      | Reached *** piety under Dithmenos
  8096 | D:6      | Found a staircase to the Ecumenical Temple.
  8172 | D:6      | Reached skill level 8 in Spellcasting
  8441 | D:6      | Bought a pair of dazzling boots for 237 gold pieces
  8452 | D:6      | Identified the cursed +0 pair of boots "Wiryzy" {-Cast
                  | Dex+6 SInv} (You bought it in a shop on level 6 of the
                  | Dungeon)
  8556 | D:6      | Found a runed door.
  8560 | D:6      | Noticed Crazy Yiuf
  8575 | D:6      | Killed Crazy Yiuf
  8919 | D:7      | Noticed a hippogriff
  8928 | D:7      | Killed a hippogriff
  8928 | D:7      | Reached XP level 9. HP: 65/65 MP: 20/21
  9108 | D:7      | Noticed a troll
  9146 | D:7      | Killed a troll
  9509 | D:7      | Noticed Pikel
  9519 | D:7      | Killed Pikel
  9772 | D:8      | Found a sand-covered staircase.
  9778 | Ossuary  | Entered an ossuary
 10095 | D:8      | Reached skill level 5 in Invocations
 10154 | D:8      | Reached **** piety under Dithmenos
 10416 | D:8      | Found a radiant altar of Vehumet.
 10486 | D:8      | Reached XP level 10. HP: 73/73 MP: 22/22
 11148 | D:9      | Reached skill level 5 in Fighting
 11148 | D:9      | Reached skill level 5 in Short Blades
 11148 | D:9      | Reached skill level 5 in Long Blades
 11148 | D:9      | Reached skill level 5 in Axes
 11148 | D:9      | Reached skill level 5 in Maces & Flails
 11148 | D:9      | Reached skill level 5 in Polearms
 11148 | D:9      | Reached skill level 5 in Staves
 11148 | D:9      | Reached skill level 5 in Slings
 11148 | D:9      | Reached skill level 5 in Bows
 11148 | D:9      | Reached skill level 5 in Crossbows
 11148 | D:9      | Reached skill level 5 in Throwing
 11148 | D:9      | Reached skill level 5 in Armour
 11148 | D:9      | Reached skill level 5 in Shields
 11148 | D:9      | Reached skill level 5 in Unarmed Combat
 11148 | D:9      | Reached skill level 5 in Evocations
 11223 | D:9      | Noticed Erolcha
 11276 | D:9      | Killed Erolcha
 11359 | D:9      | Reached skill level 9 in Spellcasting
 11529 | D:9      | Found a white marble altar of Elyvilon.
 11653 | D:10     | Entered Level 10 of the Dungeon
 11724 | D:10     | Found a staircase to the Lair.
 11757 | D:10     | Reached skill level 5 in Conjurations
 11757 | D:10     | Reached skill level 5 in Summonings
 11757 | D:10     | Reached skill level 5 in Translocations
 11935 | D:10     | Reached ***** piety under Dithmenos
 11936 | D:10     | Noticed a two-headed ogre
 11964 | D:10     | Killed a two-headed ogre
 12095 | D:10     | Reached XP level 11. HP: 81/81 MP: 24/24
 12450 | D:10     | Found a sacrificial altar of Ru.
 12563 | D:11     | Noticed a green ugly thing
 12648 | D:11     | Learned a level 4 spell: Olgreb's Toxic Radiance
 12719 | D:11     | Found a shimmering altar of Xom.
 12794 | D:11     | Noticed a cyclops
 12810 | D:11     | Killed a cyclops
 13360 | Lair:1   | Entered Level 1 of the Lair of Beasts
 13377 | Lair:1   | Reached skill level 5 in Hexes
 13377 | Lair:1   | Reached skill level 5 in Charms
 13377 | Lair:1   | Reached skill level 5 in Necromancy
 13377 | Lair:1   | Reached skill level 5 in Transmutations
 13377 | Lair:1   | Reached skill level 5 in Fire Magic
 13377 | Lair:1   | Reached skill level 5 in Ice Magic
 13377 | Lair:1   | Reached skill level 5 in Air Magic
 13377 | Lair:1   | Reached skill level 5 in Earth Magic
 13377 | Lair:1   | Reached skill level 5 in Poison Magic
 14759 | Lair:2   | Found a runed gate.
 14759 | Lair:2   | Found a runed gate.
 14759 | Lair:2   | Found a runed gate.
 15238 | Lair:2   | Noticed a seven-headed hydra
 15244 | Lair:2   | Killed a seven-headed hydra
 15490 | Lair:2   | Noticed Jynx's ghost (journeyman GrEE)
 15735 | Lair:2   | Noticed a queen ant
 15762 | Lair:2   | Reached XP level 12. HP: 81/89 MP: 13/25
 15941 | Lair:2   | Reached skill level 10 in Spellcasting
 15953 | Lair:2   | Killed a queen ant
 15969 | Lair:2   | Got an iridescent war axe
 15978 | Lair:2   | Identified the +7 war axe "Kapn" {venom, rF- Dex+7 SInv}
                  | (You found it on level 2 of the Lair of Beasts)
 16005 | Lair:2   | Learned a level 5 spell: Lee's Rapid Deconstruction
 16460 | Lair:2   | Killed Jynx's ghost
 16987 | Lair:3   | Learned a level 5 spell: Fireball
 17244 | Lair:3   | Found a staircase to the Snake Pit.
 17695 | Lair:4   | Noticed Snorg
 17711 | Lair:4   | Killed Snorg
 17808 | Lair:4   | Noticed a death yak
 17821 | Lair:4   | Noticed a death yak
 17822 | Lair:4   | Noticed a death yak
 17826 | Lair:4   | Killed a death yak
 17839 | Lair:4   | Killed a death yak
 17839 | Lair:4   | Reached XP level 13. HP: 73/98 MP: 9/27
 18205 | Lair:4   | Noticed Kirke
 18213 | Lair:4   | Reached ****** piety under Dithmenos
 18248 | Lair:4   | Killed Kirke
 18489 | Lair:4   | Found a staircase to the Shoals.
 18841 | Lair:5   | Found a staircase to the Slime Pits.
 19824 | Lair:6   | Entered Level 6 of the Lair of Beasts
 20934 | Lair:6   | Reached skill level 11 in Spellcasting
 21674 | Lair:6   | HP: 3/99 [rime drake/flash freeze (15)]
 21674 | Lair:6   | Slain by a rime drake

Skill      XL: |  1  2  3  4  5  6  7  8  9 10 11 12 13 |
---------------+----------------------------------------+-----
Conjurations   | 2 3 4 5 6 7 |  7.5
Summonings     | 2 3 4 5 6 7 |  7.5
Translocations | 2 3 4 5 6 7 |  7.5
Invocations    | 1 2 3 4 5 6 7 8 9 |  9.3
Fighting       | 1 2 3 4 5 6 7 8 |  8.5
Short Blades   | 1 2 3 4 5 6 7 8 |  8.5
Long Blades    | 1 2 3 4 5 6 7 8 |  8.5
Axes           | 1 2 3 4 5 6 7 8 |  8.5
Maces & Flails | 1 2 3 4 5 6 7 8 |  8.5
Polearms       | 1 2 3 4 5 6 7 8 |  8.5
Staves         | 1 2 3 4 5 6 7 8 |  8.5
Slings         | 1 2 3 4 5 6 7 8 |  8.5
Bows           | 1 2 3 4 5 6 7 8 |  8.5
Crossbows      | 1 2 3 4 5 6 7 8 |  8.5
Throwing       | 1 2 3 4 5 6 7 8 |  8.5
Armour         | 1 2 3 4 5 6 7 8 |  8.5
Shields        | 1 2 3 4 5 6 7 8 |  8.5
Unarmed Combat | 1 2 3 4 5 6 7 8 |  8.5
Evocations     | 1 2 3 4 5 6 7 8 |  8.5
Hexes          | 1 2 3 4 5 6 7 |  7.1
Charms         | 1 2 3 4 5 6 7 |  7.1
Necromancy     | 1 2 3 4 5 6 7 |  7.1
Transmutations | 1 2 3 4 5 6 7 |  7.1
Fire Magic     | 1 2 3 4 5 6 7 |  7.1
Ice Magic      | 1 2 3 4 5 6 7 |  7.1
Air Magic      | 1 2 3 4 5 6 7 |  7.1
Earth Magic    | 1 2 3 4 5 6 7 |  7.1
Poison Magic   | 1 2 3 4 5 6 7 |  7.1
Dodging        | 5 6 7 8 9 |  9.7
Stealth        | 5 6 7 8 9 |  9.5
Spellcasting   | 8 9 10 11 | 11.0

Action                   |  1- 3 |  4- 6 |  7- 9 | 10-12 | 13-15 || total
-------------------------+-------+-------+-------+-------+-------++-------
Melee: Unarmed           |     9 |       |       |       |     2 ||    11
       Dagger            |    12 |       |       |       |       ||    12
       Spear             |    58 |   162 |       |       |       ||   220
       Bite              |     5 |    15 |     9 |    37 |    14 ||    80
       Punch             |     1 |       |     2 |     7 |     3 ||    13
       Hand axe          |       |     6 |   139 |   330 |   111 ||   586
 Fire: Hunting sling     |       |   106 |       |       |       ||   106
Throw: Javelin           |       |     6 |     6 |     2 |     2 ||    16
       Tomahawk          |       |       |     5 |     1 |       ||     6
       Stone             |       |       |     3 |       |       ||     3
       Throwing net      |       |       |     1 |       |       ||     1
 Cast: Magic Dart        |    70 |    40 |   146 |   322 |   175 ||   753
       Conjure Flame     |     2 |     9 |    31 |    38 |     4 ||    84
       Call Imp          |     1 |    23 |    13 |     6 |     1 ||    44
       Mephitic Cloud    |       |     4 |    21 |    22 |     3 ||    50
       Blink             |       |     2 |     2 |    12 |     1 ||    17
       Olgreb's Toxic Ra |       |       |       |    31 |     7 ||    38
       Lee's Rapid Decon |       |       |       |    15 |    19 ||    34
       Fireball          |       |       |       |     4 |    15 ||    19
Invok: Shadow Step       |       |       |       |     1 |     1 ||     2
Evoke: Wand              |       |       |     1 |     7 |     6 ||    14
  Use: Scroll            |     1 |    11 |    10 |     5 |     4 ||    31
       Potion            |       |     1 |     2 |     1 |     1 ||     5
 Stab: Sleeping          |     4 |     6 |     2 |     4 |       ||    16
       Confused          |       |     3 |     3 |    11 |     1 ||    18
       Distracted        |       |       |     2 |       |       ||     2
       Paralysed         |       |       |       |     8 |    14 ||    22
  Eat: Chunk             |     4 |    10 |     6 |    25 |    16 ||    61
       Ration            |       |     1 |     2 |       |       ||     3
Armor: Robe              |     3 |       |       |       |       ||     3
       Leather armour    |    11 |    23 |     3 |       |       ||    37
       Skin              |       |       |     4 |       |       ||     4
       Ring mail         |       |       |    15 |    69 |    66 ||   150
Dodge: Dodged            |    43 |   112 |   103 |   265 |   119 ||   642
